Influenza vs Monarchs
Created - 14 janvier 2015 at 23:19
Goals
|
| Influenza |
1 |
4 |
0 |
5 |
| Monarchs |
2 |
1 |
0 |
3 |
|
Shots
|
| Influenza |
15 |
11 |
4 |
30 |
| Monarchs |
11 |
14 |
8 |
33 |
|
1st period
1. Influenza , Ben Smith 14 (Jeremy Morin, Eric Wellwood) at 3:20
2. Monarchs , Brian Gionta 32 (Jarret Stoll) at 11:16
3. Monarchs , Brian Gionta 33 (Jarret Stoll, Matt Irwin) at 11:58
Penalties :
James Van Riemsdyk (MAN) for Slashing (Minor) at 14:42
2nd period
4. Influenza , Ryan Carter 34 (Noah Welch) at 4:49
5. Influenza , Noah Welch 4 (Mathieu Carle) at 5:42
6. Monarchs , Keith Ballard 4 (Jake Muzzin) at 13:24
7. Influenza , Martins Karsums 25 (Robbie Earl) at 16:05
8. Influenza , Ben Smith 15 (Ryan Russell, Mathieu Carle) at 19:14 (PP)
Penalties :
Ryan Carter (VJB) for Holding (Minor) at 0:22, Frederic St-Denis (MAN) for Cross-checking (Minor) at 6:31, Peter Schaefer (MAN) for Tripping (Minor) at 16:23, Matt Irwin (MAN) for Interference (Minor) at 18:40
3rd period
No Goal
Penalties :
Andreas Engqvist (VJB) for High sticking (Minor) at 14:48
Goalie Stats
Alex Stalock (VJB), 30 saves from 33 shots - (0,909), W, 15-14-2, 60:00 minutes
Jonas Gustavsson (MAN), 25 saves from 30 shots - (0,833), L, 9-6-3, 60:00 minutes
Players Stats for Influenza
Player Name G A P +/- PIM S H SB GA TA FO MP PP MP PK MP
------------------------------------------------------------------------------------
Adam Berti 0 0 0 1 0 0 1 0 0 0 0/0 8:15 0:00 0:23
Andreas Engqvist 0 0 0 1 2 2 2 0 0 0 0/4 9:06 0:00 0:29
Ben Smith 2 0 2 -1 0 5 1 0 0 0 0/0 16:07 2:48 0:00
Carl Gunnarsson 0 0 0 1 0 0 0 0 1 1 0/0 20:26 2:37 1:12
Cody McCormick 0 0 0 -1 0 0 2 1 0 1 6/17 17:48 2:48 1:41
Corey Tropp 0 0 0 1 0 0 0 0 0 0 0/0 7:52 0:00 0:00
Eric Wellwood 0 1 1 0 0 2 0 0 0 0 0/0 11:39 0:00 0:00
Jaime Sifers 0 0 0 1 0 1 1 0 0 0 0/0 20:26 2:37 1:12
Jeff Petry 0 0 0 -1 0 0 0 0 0 1 0/0 12:31 0:00 0:00
Jeremy Morin 0 1 1 0 0 1 1 0 1 0 0/0 12:09 0:00 0:00
Martins Karsums 1 0 1 1 0 3 2 0 0 1 0/0 22:23 3:43 2:44
Mathieu Carle 0 2 2 1 0 1 0 2 1 1 0/0 27:03 3:54 2:46
Noah Welch 1 1 2 1 0 2 1 0 1 0 0/0 27:03 3:54 2:46
Oskars Bartulis 0 0 0 -1 0 1 1 0 0 0 0/0 12:31 0:00 0:00
Robbie Earl 0 1 1 1 0 5 3 0 0 0 4/6 22:11 3:43 2:17
Ryan Carter 1 0 1 1 2 2 0 1 2 0 17/32 20:11 3:42 0:22
Ryan Russell 0 1 1 -1 0 2 0 1 0 0 1/1 16:07 2:48 0:00
Zac Dalpe 0 0 0 0 0 3 3 1 2 0 2/3 12:12 0:01 0:00
Players Stats for Monarchs
Player Name G A P +/- PIM S H SB GA TA FO MP PP MP PK MP
------------------------------------------------------------------------------------
Brian Gionta 2 0 2 1 0 6 1 0 1 1 6/10 22:34 2:14 3:58
Brock Trotter 0 0 0 -2 0 1 1 0 1 0 0/0 12:12 0:00 1:45
Cody Eakin 0 0 0 0 0 0 1 0 0 0 0/4 9:00 0:06 0:37
Dana Tyrell 0 0 0 -2 0 1 1 0 0 0 2/4 9:58 0:00 0:00
David Clarkson 0 0 0 0 0 3 1 1 0 1 0/0 8:54 0:06 0:00
Dmitri Orlov 0 0 0 0 0 0 0 0 0 0 0/0 11:16 0:00 0:00
Frederic St-Denis 0 0 0 -1 2 0 0 0 0 0 0/0 20:14 1:54 1:42
Jake Muzzin 0 1 1 0 0 1 1 2 0 1 0/0 12:29 0:00 1:13
James Van Riemsdyk 0 0 0 0 2 3 1 0 1 0 1/1 17:10 1:38 1:01
Jarret Stoll 0 2 2 1 0 0 3 0 0 0 17/32 19:38 2:14 1:21
Jordan Nolan 0 0 0 0 0 1 1 0 0 0 6/10 17:31 1:38 1:21
Keith Ballard 1 0 1 0 0 6 0 1 0 3 0/0 27:48 2:04 3:46
Kyle Okposo 0 0 0 0 0 2 4 0 0 0 0/0 16:10 1:38 0:00
Matt Irwin 0 1 1 0 2 5 2 2 1 2 0/0 27:37 2:04 3:36
Matt Martin 0 0 0 0 0 0 1 0 1 0 1/1 8:17 0:00 0:20
Peter Schaefer 0 0 0 1 2 2 2 3 0 0 0/1 20:55 2:14 2:39
Richard Park 0 0 0 -2 0 0 1 0 0 0 0/0 10:46 0:06 0:00
Shawn Belle 0 0 0 -1 0 2 2 0 0 0 0/0 20:56 1:54 2:45
3 Stars
1 - Brian Gionta (MAN)
2 - Noah Welch (VJB)
3 - Ben Smith (VJB)
Power Play
Influenza - 1 on 4 Attempt(s) - 25,00%
Monarchs - 0 on 2 Attempt(s) - 0,00%
Penalty Kill
Influenza - 2 on 2 Attempt(s) - 100,00%
- Score 0 goal in Penalty Kill
Monarchs - 3 on 4 Attempt(s) - 75,00%
- Score 0 goal in Penalty Kill
Team Stat
Influenza - Hits : 18 - Faceoff Wins : 30 - Blocked Shots : 6 - Penalty Minutes : 4
Monarchs - Hits : 23 - Faceoff Wins : 33 - Blocked Shots : 9 - Penalty Minutes : 8
Official
Referees : Pollock Kevin and Furlatt Eric
Linesman : Brad Kovachik and Bryan Pancich
Game Notes
No Game Note
Finance
Level 1 -- Attendance: 1483 (74,15%) -- Ticket Income 51 905 $
Level 2 -- Attendance: 697 (69,70%) -- Ticket Income 10 455 $
Total Attendance: 2180 (72,67%)
Total Ticket Income: 62 360 $
Other Income: 3 118 $
Total Income: 65 478 $
Influenza
5 vs 5 Forward
Center Left Wing Right Wing Time % Phy DF OF
1 Ryan Carter Robbie Earl Martins Karsums 40 1 2 2
2 Cody McCormick Ryan Russell Ben Smith 30 1 2 2
3 Zac Dalpe Eric Wellwood Jeremy Morin 20 1 2 2
4 Andreas Engqvist Adam Berti Corey Tropp 10 1 2 2
5 vs 5 Defense
Defense Defense Time % Phy DF OF
1 Noah Welch Mathieu Carle 40 1 2 2
2 Jaime Sifers Carl Gunnarsson 30 1 2 2
3 Jeff Petry Oskars Bartulis 20 1 2 2
4 Noah Welch Mathieu Carle 10 1 2 2
PowerPlay Forward
Center Left Wing Right Wing Time % Phy DF OF
1 Ryan Carter Robbie Earl Martins Karsums 60 1 2 2
2 Cody McCormick Ryan Russell Ben Smith 40 1 2 2
PowerPlay Defense
Defense Defense Time % Phy DF OF
1 Noah Welch Mathieu Carle 60 1 2 2
2 Jaime Sifers Carl Gunnarsson 40 1 2 2
Penalty Kill 4 Players Forward
Center Wing Time % Phy DF OF
1 Robbie Earl Martins Karsums 60 1 2 2
2 Ryan Carter Cody McCormick 40 1 2 2
Penalty Kill 4 Players Defense
Defense Defense Time % Phy DF OF
1 Noah Welch Mathieu Carle 60 1 2 2
2 Jaime Sifers Carl Gunnarsson 40 1 2 2
Penalty Kill - 3 Players Forward
Forward Time % Phy DF OF
1 Robbie Earl 60 1 2 2
2 Martins Karsums 40 1 2 2
Penalty Kill - 3 Players Defense
Defense Defense Time % Phy DF OF
1 Noah Welch Mathieu Carle 60 1 2 2
2 Jaime Sifers Carl Gunnarsson 40 1 2 2
4 vs 4 Forward
Center Wing Time % Phy DF OF
1 Robbie Earl Martins Karsums 60 1 2 2
2 Ryan Carter Cody McCormick 40 1 2 2
4 vs 4 Defense
Defense Defense Time % Phy DF OF
1 Noah Welch Mathieu Carle 60 1 2 2
2 Jaime Sifers Carl Gunnarsson 40 1 2 2
Last Minutes Offensive
Center Left Wing Right Wing Defense Defense
Ryan Carter Robbie Earl Martins Karsums Noah Welch Mathieu Carle
Last Minutes Defensive
Center Left Wing Right Wing Defense Defense
Ryan Carter Robbie Earl Martins Karsums Noah Welch Mathieu Carle
Goaltenders
Starting : Alex Stalock
Backup : Olivier Roy
Extra Forwards
Normal : Zac Dalpe, Jeremy Morin, Andreas Engqvist - PP : Zac Dalpe, Jeremy Morin - PK : Andreas Engqvist
Extra Defensemen
Normal : Jeff Petry, Oskars Bartulis, Jaime Sifers - PP : Jeff Petry - PK : Oskars Bartulis, Jaime Sifers
Penalty Shots
Robbie Earl, Martins Karsums, Ryan Carter, Cody McCormick, Ben Smith
Monarchs
5 vs 5 Forward
Center Left Wing Right Wing Time % Phy DF OF
1 Jarret Stoll Peter Schaefer Brian Gionta 40 1 2 2
2 Jordan Nolan James Van Riemsdyk Kyle Okposo 30 1 2 2
3 Dana Tyrell Brock Trotter Richard Park 20 1 2 2
4 Cody Eakin Matt Martin David Clarkson 10 1 2 2
5 vs 5 Defense
Defense Defense Time % Phy DF OF
1 Keith Ballard Matt Irwin 40 1 2 2
2 Shawn Belle Frederic St-Denis 30 1 2 2
3 Dmitri Orlov Jake Muzzin 20 1 2 2
4 Keith Ballard Matt Irwin 10 1 2 2
PowerPlay Forward
Center Left Wing Right Wing Time % Phy DF OF
1 Jarret Stoll Peter Schaefer Brian Gionta 60 1 2 2
2 Jordan Nolan James Van Riemsdyk Kyle Okposo 40 1 2 2
PowerPlay Defense
Defense Defense Time % Phy DF OF
1 Keith Ballard Matt Irwin 60 1 2 2
2 Shawn Belle Frederic St-Denis 40 1 2 2
Penalty Kill 4 Players Forward
Center Wing Time % Phy DF OF
1 Brian Gionta Peter Schaefer 60 1 2 2
2 Jarret Stoll Jordan Nolan 40 1 2 2
Penalty Kill 4 Players Defense
Defense Defense Time % Phy DF OF
1 Keith Ballard Matt Irwin 60 1 2 2
2 Shawn Belle Frederic St-Denis 40 1 2 2
Penalty Kill - 3 Players Forward
Forward Time % Phy DF OF
1 Brian Gionta 60 1 2 2
2 Peter Schaefer 40 1 2 2
Penalty Kill - 3 Players Defense
Defense Defense Time % Phy DF OF
1 Keith Ballard Matt Irwin 60 1 2 2
2 Shawn Belle Frederic St-Denis 40 1 2 2
4 vs 4 Forward
Center Wing Time % Phy DF OF
1 Brian Gionta Peter Schaefer 60 1 2 2
2 Jarret Stoll Jordan Nolan 40 1 2 2
4 vs 4 Defense
Defense Defense Time % Phy DF OF
1 Keith Ballard Matt Irwin 60 1 2 2
2 Shawn Belle Frederic St-Denis 40 1 2 2
Last Minutes Offensive
Center Left Wing Right Wing Defense Defense
Jarret Stoll Peter Schaefer Brian Gionta Keith Ballard Matt Irwin
Last Minutes Defensive
Center Left Wing Right Wing Defense Defense
Jarret Stoll Peter Schaefer Brian Gionta Keith Ballard Matt Irwin
Goaltenders
Starting : Jonas Gustavsson
Backup : Richard Bachman
Extra Forwards
Normal : Richard Park, David Clarkson, Brock Trotter - PP : Richard Park, David Clarkson - PK : Brock Trotter
Extra Defensemen
Normal : Dmitri Orlov, Jake Muzzin, Shawn Belle - PP : Dmitri Orlov - PK : Jake Muzzin, Shawn Belle
Penalty Shots
Brian Gionta, Peter Schaefer, Jarret Stoll, Jordan Nolan, Kyle Okposo
% Time on Ice - Influenza
Lines # - Real PCT - Wanted PCT - Time Play
Normal Forward
1 - 33% - 40% - 16:11
2 - 28% - 30% - 13:49
3 - 24% - 20% - 11:39
4 - 16% - 10% - 7:52
Normal Defense
1 - 37% - 40% - 18:27
2 - 34% - 30% - 16:37
3 - 25% - 20% - 12:31
4 - 4% - 10% - 1:56
PP Forward
1 - 57% - 60% - 3:43
2 - 43% - 40% - 2:48
PP Defense
1 - 60% - 60% - 3:54
2 - 40% - 40% - 2:37
PK Forward
1 - 81% - 60% - 3:13
2 - 19% - 40% - 0:45
PK Defense
1 - 70% - 60% - 2:46
2 - 30% - 40% - 1:12
PK3 Forward
1 - 0% - 60%
2 - 0% - 40%
PK3 Defense
1 - 0% - 60%
2 - 0% - 40%
44 Forward
1 - 0% - 60%
2 - 0% - 40%
44 Defense
1 - 0% - 60%
2 - 0% - 40%
Last Minute Offensive - 0:00
Last Minute Defensive - 0:00
Total
Forward - 60:00
Defense - 60:00
|
% Time on Ice - Monarchs
Lines # - Real PCT - Wanted PCT - Time Play
Normal Forward
1 - 34% - 40% - 16:39
2 - 30% - 30% - 14:57
3 - 20% - 20% - 9:58
4 - 16% - 10% - 7:57
Normal Defense
1 - 39% - 40% - 19:26
2 - 33% - 30% - 16:17
3 - 23% - 20% - 11:16
4 - 5% - 10% - 2:32
PP Forward
1 - 59% - 60% - 2:20
2 - 41% - 40% - 1:38
PP Defense
1 - 52% - 60% - 2:04
2 - 48% - 40% - 1:54
PK Forward
1 - 79% - 60% - 5:10
2 - 21% - 40% - 1:21
PK Defense
1 - 58% - 60% - 3:46
2 - 42% - 40% - 2:45
PK3 Forward
1 - 0% - 60%
2 - 0% - 40%
PK3 Defense
1 - 0% - 60%
2 - 0% - 40%
44 Forward
1 - 0% - 60%
2 - 0% - 40%
44 Defense
1 - 0% - 60%
2 - 0% - 40%
Last Minute Offensive - 0:00
Last Minute Defensive - 0:00
Total
Forward - 60:00
Defense - 60:00
|
Play by Play
1st period
0:01 of 1st period - Brian Gionta wins face-off versus Ryan Carter in neutral zone.
0:06 of 1st period - Snap shot by Brian Gionta.
0:06 of 1st period - Stopped by Alex Stalock without a rebound.
0:07 of 1st period - Ryan Carter wins face-off versus Jarret Stoll in Influenza zone.
0:07 of 1st period - Ryan Carter is hit by Jarret Stoll.
0:17 of 1st period - Snap shot by Robbie Earl.
0:17 of 1st period - Stopped by Jonas Gustavsson without a rebound.
0:18 of 1st period - Jordan Nolan wins face-off versus Cody McCormick in Monarchs zone.
0:48 of 1st period - Snap shot by Zac Dalpe.
0:48 of 1st period - Shot Misses the Net.
0:50 of 1st period - Wrist shot by Jeremy Morin.
0:50 of 1st period - Stopped by Jonas Gustavsson with a rebound.
0:52 of 1st period - Wrist shot by Oskars Bartulis.
0:52 of 1st period - Shot Misses the Net.
1:08 of 1st period - Icing by David Clarkson.
1:09 of 1st period - Ryan Carter wins face-off versus Cody Eakin in Monarchs zone.
3:18 of 1st period - Snap shot by Jeremy Morin.
3:18 of 1st period - Shot Misses the Net.
3:20 of 1st period - Snap shot by Ben Smith.
3:20 of 1st period - Goal by Ben Smith - Influenza : 1 - Monarchs : 0.
3:21 of 1st period - Ryan Carter wins face-off versus Jarret Stoll in neutral zone.
4:04 of 1st period - Wrist shot by Ryan Carter.
4:04 of 1st period - Deflect By Robbie Earl.
4:04 of 1st period - Stopped by Jonas Gustavsson without a rebound.
4:05 of 1st period - Jarret Stoll wins face-off versus Cody McCormick in Monarchs zone.
4:18 of 1st period - Wrist shot by Brian Gionta.
4:18 of 1st period - Stopped by Alex Stalock with a rebound.
4:20 of 1st period - Slapshot by Jarret Stoll.
4:20 of 1st period - Shot Misses the Net.
4:57 of 1st period - Corey Tropp is hit by Richard Park.
5:01 of 1st period - Dana Tyrell is hit by Adam Berti and loses puck.
5:30 of 1st period - Slapshot by James Van Riemsdyk.
5:30 of 1st period - Shot Blocked by Ryan Carter.
5:36 of 1st period - Keith Ballard is hit by Martins Karsums and loses puck.
6:21 of 1st period - Slapshot by James Van Riemsdyk.
6:21 of 1st period - Stopped by Alex Stalock with a rebound.
6:41 of 1st period - Snap shot by Zac Dalpe.
6:41 of 1st period - Shot Blocked by Keith Ballard.
6:53 of 1st period - Slapshot by Zac Dalpe.
6:53 of 1st period - Stopped by Jonas Gustavsson with a rebound.
7:35 of 1st period - Wrist shot by Zac Dalpe.
7:35 of 1st period - Deflect By Jeremy Morin.
7:35 of 1st period - Shot Misses the Net.
7:35 of 1st period - Puck is out of play.
7:36 of 1st period - Jarret Stoll wins face-off versus Ryan Carter in Monarchs zone.
7:52 of 1st period - Icing by Robbie Earl.
7:53 of 1st period - Dana Tyrell wins face-off versus Ryan Carter in Influenza zone.
8:08 of 1st period - Snap shot by Brock Trotter.
8:08 of 1st period - Shot Misses the Net.
8:14 of 1st period - Backhand shot by Martins Karsums.
8:14 of 1st period - Stopped by Jonas Gustavsson without a rebound.
8:15 of 1st period - Cody McCormick wins face-off versus Jarret Stoll in Monarchs zone.
8:56 of 1st period - Slapshot by Andreas Engqvist.
8:56 of 1st period - Shot Misses the Net.
9:18 of 1st period - Wrist shot by Brock Trotter.
9:18 of 1st period - Shot Misses the Net.
9:33 of 1st period - Off-side.
9:34 of 1st period - Ryan Russell wins face-off versus Jarret Stoll in neutral zone.
10:01 of 1st period - Andreas Engqvist is hit by Cody Eakin and loses puck.
10:58 of 1st period - Snap shot by Ben Smith.
10:58 of 1st period - Stopped by Jonas Gustavsson with a rebound.
11:00 of 1st period - Wrist shot by Cody McCormick.
11:00 of 1st period - Deflect By Ben Smith.
11:00 of 1st period - Shot Misses the Net.
11:00 of 1st period - Puck is out of play.
11:01 of 1st period - Ryan Carter wins face-off versus Dana Tyrell in Monarchs zone.
11:04 of 1st period - Snap shot by Martins Karsums.
11:04 of 1st period - Shot Misses the Net.
11:12 of 1st period - Slapshot by Richard Park.
11:12 of 1st period - Shot Blocked by Mathieu Carle.
11:14 of 1st period - Snap shot by Dana Tyrell.
11:14 of 1st period - Stopped by Alex Stalock without a rebound.
11:15 of 1st period - Jarret Stoll wins face-off versus Cody McCormick in Influenza zone.
11:16 of 1st period - Wrist shot by Brian Gionta.
11:16 of 1st period - Goal by Brian Gionta - Influenza : 1 - Monarchs : 1.
11:17 of 1st period - Cody McCormick wins face-off versus Peter Schaefer in neutral zone.
11:22 of 1st period - Snap shot by Ben Smith.
11:22 of 1st period - Stopped by Jonas Gustavsson without a rebound.
11:23 of 1st period - Cody McCormick wins face-off versus Jarret Stoll in Monarchs zone.
11:26 of 1st period - Wrist shot by Ben Smith.
11:26 of 1st period - Deflect By Ryan Russell.
11:26 of 1st period - Stopped by Jonas Gustavsson without a rebound.
11:27 of 1st period - Cody McCormick wins face-off versus Jarret Stoll in Monarchs zone.
11:30 of 1st period - Wrist shot by Cody McCormick.
11:30 of 1st period - Deflect By Ben Smith.
11:30 of 1st period - Stopped by Jonas Gustavsson without a rebound.
11:31 of 1st period - Jarret Stoll wins face-off versus Ryan Carter in Monarchs zone.
11:40 of 1st period - Slapshot by Martins Karsums.
11:40 of 1st period - Deflect By Robbie Earl.
11:40 of 1st period - Stopped by Jonas Gustavsson with a rebound.
11:42 of 1st period - Slapshot by Noah Welch.
11:42 of 1st period - Stopped by Jonas Gustavsson without a rebound.
11:43 of 1st period - Ryan Carter wins face-off versus Jarret Stoll in Monarchs zone.
11:50 of 1st period - Slapshot by Robbie Earl.
11:50 of 1st period - Shot Blocked by Matt Irwin.
11:56 of 1st period - Wrist shot by Brian Gionta.
11:56 of 1st period - Shot Misses the Net.
11:58 of 1st period - Wrist shot by Brian Gionta.
11:58 of 1st period - Goal by Brian Gionta - Influenza : 1 - Monarchs : 2.
11:59 of 1st period - Jarret Stoll wins face-off versus Cody McCormick in neutral zone.
12:08 of 1st period - Wrist shot by Ryan Russell.
12:08 of 1st period - Stopped by Jonas Gustavsson without a rebound.
12:09 of 1st period - Jarret Stoll wins face-off versus Cody McCormick in Monarchs zone.
12:14 of 1st period - Mathieu Carle is hit by Jarret Stoll and loses puck.
12:19 of 1st period - Snap shot by Jarret Stoll.
12:19 of 1st period - Shot Misses the Net.
12:21 of 1st period - Wrist shot by Peter Schaefer.
12:21 of 1st period - Shot Misses the Net.
12:23 of 1st period - Wrist shot by Brian Gionta.
12:23 of 1st period - Deflect By Jarret Stoll.
12:23 of 1st period - Shot Misses the Net.
12:23 of 1st period - Puck is out of play.
12:24 of 1st period - Robbie Earl wins face-off versus Jordan Nolan in Influenza zone.
12:24 of 1st period - Robbie Earl is hit by Jordan Nolan.
12:50 of 1st period - Ben Smith is hit by Peter Schaefer and loses puck.
13:05 of 1st period - Keith Ballard is hit by Ben Smith and loses puck.
13:18 of 1st period - Slapshot by Andreas Engqvist.
13:18 of 1st period - Shot Hit the Post.
13:24 of 1st period - Wrist shot by Brock Trotter.
13:24 of 1st period - Stopped by Alex Stalock without a rebound.
13:25 of 1st period - Jordan Nolan wins face-off versus Andreas Engqvist in Influenza zone.
13:36 of 1st period - Wrist shot by James Van Riemsdyk.
13:36 of 1st period - Stopped by Alex Stalock without a rebound.
13:37 of 1st period - Brian Gionta wins face-off versus Ryan Carter in Influenza zone.
14:20 of 1st period - Icing by Keith Ballard.
14:21 of 1st period - Ryan Carter wins face-off versus Jordan Nolan in Monarchs zone.
14:42 of 1st period - Minor Penalty to James Van Riemsdyk for Slashing.
14:43 of 1st period - Ryan Carter wins face-off versus Brian Gionta in Monarchs zone.
14:44 of 1st period - Snap shot by Robbie Earl.
14:44 of 1st period - Shot Misses the Net.
14:46 of 1st period - Slapshot by Ryan Carter.
14:46 of 1st period - Deflect By Martins Karsums.
14:46 of 1st period - Stopped by Jonas Gustavsson with a rebound.
15:03 of 1st period - Icing by Robbie Earl.
15:04 of 1st period - Brian Gionta wins face-off versus Ryan Carter in Influenza zone.
15:10 of 1st period - Icing by Noah Welch.
15:11 of 1st period - Ryan Carter wins face-off versus Brian Gionta in Influenza zone.
16:42 of 1st period - Penalty to James Van Riemsdyk is over, James Van Riemsdyk is back on ice.
16:47 of 1st period - Slapshot by Matt Irwin.
16:47 of 1st period - Stopped by Alex Stalock with a rebound.
16:49 of 1st period - Wrist shot by Dana Tyrell.
16:49 of 1st period - Shot Misses the Net.
17:57 of 1st period - Keith Ballard is hit by Oskars Bartulis and loses puck.
18:24 of 1st period - Slapshot by Keith Ballard.
18:24 of 1st period - Stopped by Alex Stalock with a rebound.
18:26 of 1st period - Slapshot by Keith Ballard.
18:26 of 1st period - Stopped by Alex Stalock without a rebound.
18:27 of 1st period - Cody McCormick wins face-off versus Cody Eakin in Influenza zone.
18:32 of 1st period - Ben Smith is hit by Shawn Belle and loses puck.
19:03 of 1st period - Snap shot by Cody Eakin.
19:03 of 1st period - Shot Blocked by Cody McCormick.
19:05 of 1st period - Slapshot by Jake Muzzin.
19:05 of 1st period - Shot Blocked by Ryan Russell.
19:17 of 1st period - Wrist shot by Cody Eakin.
19:17 of 1st period - Deflect By David Clarkson.
19:17 of 1st period - Shot Misses the Net.
19:17 of 1st period - Puck is out of play.
19:18 of 1st period - Ryan Carter wins face-off versus Jarret Stoll in Influenza zone.
19:25 of 1st period - Slapshot by Robbie Earl.
19:25 of 1st period - Stopped by Jonas Gustavsson with a rebound.
19:43 of 1st period - James Van Riemsdyk is hit by Zac Dalpe and loses puck.
19:54 of 1st period - Jeff Petry is hit by James Van Riemsdyk and loses puck.
Goals for this period are 1 for Influenza vs 2 for Monarchs .
Shots for this period are 15 for Influenza vs 11 for Monarchs .
2nd period
0:01 of 2nd period - Jarret Stoll wins face-off versus Ryan Carter in neutral zone.
0:04 of 2nd period - Backhand shot by Peter Schaefer.
0:04 of 2nd period - Shot Misses the Net.
0:06 of 2nd period - Slapshot by Matt Irwin.
0:06 of 2nd period - Stopped by Alex Stalock with a rebound.
0:08 of 2nd period - Slapshot by Jarret Stoll.
0:08 of 2nd period - Shot Misses the Net.
0:22 of 2nd period - Minor Penalty to Ryan Carter for Holding.
0:23 of 2nd period - Jarret Stoll wins face-off versus Robbie Earl in Influenza zone.
0:26 of 2nd period - Backhand shot by Jarret Stoll.
0:26 of 2nd period - Deflect By Brian Gionta.
0:26 of 2nd period - Shot Misses the Net.
0:26 of 2nd period - Puck is out of play.
0:27 of 2nd period - Robbie Earl wins face-off versus Jarret Stoll in Influenza zone.
2:22 of 2nd period - Penalty to Ryan Carter is over, Ryan Carter is back on ice.
2:32 of 2nd period - Wrist shot by David Clarkson.
2:32 of 2nd period - Stopped by Alex Stalock with a rebound.
2:39 of 2nd period - Icing by Jaime Sifers.
2:40 of 2nd period - Zac Dalpe wins face-off versus Dana Tyrell in Influenza zone.
2:53 of 2nd period - Dana Tyrell is hit by Zac Dalpe and loses puck.
3:00 of 2nd period - Dana Tyrell is hit by Jeremy Morin and loses puck.
3:24 of 2nd period - Snap shot by Zac Dalpe.
3:24 of 2nd period - Deflect By Richard Park.
3:24 of 2nd period - Stopped by Jonas Gustavsson without a rebound.
3:25 of 2nd period - Jarret Stoll wins face-off versus Cody McCormick in Monarchs zone.
3:55 of 2nd period - Wrist shot by Kyle Okposo.
3:55 of 2nd period - Stopped by Alex Stalock with a rebound.
4:13 of 2nd period - Slapshot by Andreas Engqvist.
4:13 of 2nd period - Stopped by Jonas Gustavsson without a rebound.
4:14 of 2nd period - Matt Martin wins face-off versus Cody McCormick in Monarchs zone.
4:14 of 2nd period - Matt Martin is hit by Cody McCormick.
4:25 of 2nd period - Ryan Russell is hit by David Clarkson and loses puck.
4:49 of 2nd period - Wrist shot by Ryan Carter.
4:49 of 2nd period - Goal by Ryan Carter - Influenza : 2 - Monarchs : 2.
4:50 of 2nd period - Jarret Stoll wins face-off versus Ryan Carter in neutral zone.
5:15 of 2nd period - Mathieu Carle is hit by Kyle Okposo and loses puck.
5:42 of 2nd period - Slapshot by Noah Welch.
5:42 of 2nd period - Goal by Noah Welch - Influenza : 3 - Monarchs : 2.
5:43 of 2nd period - Ryan Carter wins face-off versus Jarret Stoll in neutral zone.
6:10 of 2nd period - Slapshot by Mathieu Carle.
6:10 of 2nd period - Shot Blocked by Peter Schaefer.
6:18 of 2nd period - Slapshot by Keith Ballard.
6:18 of 2nd period - Deflect By Mathieu Carle.
6:18 of 2nd period - Stopped by Alex Stalock without a rebound.
6:19 of 2nd period - Jordan Nolan wins face-off versus Robbie Earl in Influenza zone.
6:31 of 2nd period - Minor Penalty to Frederic St-Denis for Cross-checking.
6:32 of 2nd period - Brian Gionta wins face-off versus Ryan Carter in Monarchs zone.
6:39 of 2nd period - Snap shot by Brian Gionta.
6:39 of 2nd period - Shot Blocked by Mathieu Carle.
6:57 of 2nd period - Matt Irwin is hit by Noah Welch and loses puck.
7:06 of 2nd period - Wrist shot by Ryan Russell.
7:06 of 2nd period - Shot Blocked by Peter Schaefer.
8:31 of 2nd period - Penalty to Frederic St-Denis is over, Frederic St-Denis is back on ice.
8:44 of 2nd period - Snap shot by Andreas Engqvist.
8:44 of 2nd period - Stopped by Jonas Gustavsson with a rebound.
8:46 of 2nd period - Wrist shot by Oskars Bartulis.
8:46 of 2nd period - Shot Blocked by Matt Irwin.
9:02 of 2nd period - Slapshot by Matt Irwin.
9:02 of 2nd period - Shot Misses the Net.
9:04 of 2nd period - Snap shot by David Clarkson.
9:04 of 2nd period - Stopped by Alex Stalock with a rebound.
10:12 of 2nd period - Shawn Belle is hit by Andreas Engqvist and loses puck.
10:47 of 2nd period - Snap shot by Peter Schaefer.
10:47 of 2nd period - Stopped by Alex Stalock with a rebound.
11:16 of 2nd period - Icing by Corey Tropp.
11:17 of 2nd period - Jordan Nolan wins face-off versus Andreas Engqvist in Influenza zone.
11:18 of 2nd period - Snap shot by James Van Riemsdyk.
11:18 of 2nd period - Deflect By Kyle Okposo.
11:18 of 2nd period - Stopped by Alex Stalock with a rebound.
11:20 of 2nd period - Slapshot by Matt Irwin.
11:20 of 2nd period - Stopped by Alex Stalock with a rebound.
11:22 of 2nd period - Snap shot by Jordan Nolan.
11:22 of 2nd period - Shot Misses the Net.
11:24 of 2nd period - Slapshot by Keith Ballard.
11:24 of 2nd period - Deflect By Oskars Bartulis.
11:24 of 2nd period - Stopped by Alex Stalock without a rebound.
11:25 of 2nd period - Jordan Nolan wins face-off versus Ryan Carter in Influenza zone.
11:28 of 2nd period - Slapshot by Matt Irwin.
11:28 of 2nd period - Stopped by Alex Stalock with a rebound.
12:20 of 2nd period - Snap shot by Richard Park.
12:20 of 2nd period - Shot Misses the Net.
13:24 of 2nd period - Slapshot by Keith Ballard.
13:24 of 2nd period - Goal by Keith Ballard - Influenza : 3 - Monarchs : 3.
13:25 of 2nd period - Jarret Stoll wins face-off versus Ryan Carter in neutral zone.
13:50 of 2nd period - Mathieu Carle is hit by Matt Irwin and loses puck.
14:14 of 2nd period - Snap shot by David Clarkson.
14:14 of 2nd period - Stopped by Alex Stalock without a rebound.
14:15 of 2nd period - Cody McCormick wins face-off versus Cody Eakin in Influenza zone.
14:40 of 2nd period - Jarret Stoll is hit by Zac Dalpe and loses puck.
14:49 of 2nd period - Snap shot by Eric Wellwood.
14:49 of 2nd period - Stopped by Jonas Gustavsson with a rebound.
14:51 of 2nd period - Slapshot by Eric Wellwood.
14:51 of 2nd period - Shot Blocked by Jake Muzzin.
14:53 of 2nd period - Slapshot by Oskars Bartulis.
14:53 of 2nd period - Stopped by Jonas Gustavsson without a rebound.
14:54 of 2nd period - Jordan Nolan wins face-off versus Cody McCormick in Monarchs zone.
15:23 of 2nd period - Snap shot by Brian Gionta.
15:23 of 2nd period - Stopped by Alex Stalock without a rebound.
15:24 of 2nd period - Brian Gionta wins face-off versus Ryan Carter in Influenza zone.
15:29 of 2nd period - Slapshot by Jarret Stoll.
15:29 of 2nd period - Shot Misses the Net.
15:33 of 2nd period - Snap shot by Brian Gionta.
15:33 of 2nd period - Shot Misses the Net.
15:35 of 2nd period - Slapshot by Peter Schaefer.
15:35 of 2nd period - Stopped by Alex Stalock without a rebound.
15:36 of 2nd period - Ryan Carter wins face-off versus Jarret Stoll in Influenza zone.
15:58 of 2nd period - Brian Gionta is hit by Martins Karsums and loses puck.
16:05 of 2nd period - Snap shot by Martins Karsums.
16:05 of 2nd period - Goal by Martins Karsums - Influenza : 4 - Monarchs : 3.
16:06 of 2nd period - Ryan Carter wins face-off versus Jarret Stoll in neutral zone.
16:23 of 2nd period - Minor Penalty to Peter Schaefer for Tripping.
16:24 of 2nd period - Ryan Carter wins face-off versus Brian Gionta in Monarchs zone.
16:35 of 2nd period - Snap shot by Robbie Earl.
16:35 of 2nd period - Stopped by Jonas Gustavsson with a rebound.
16:37 of 2nd period - Slapshot by Mathieu Carle.
16:37 of 2nd period - Shot Misses the Net.
16:39 of 2nd period - Slapshot by Mathieu Carle.
16:39 of 2nd period - Stopped by Jonas Gustavsson with a rebound.
16:49 of 2nd period - Cody McCormick is hit by Matt Irwin.
17:47 of 2nd period - Icing by Robbie Earl.
17:48 of 2nd period - Ryan Carter wins face-off versus Cody Eakin in Influenza zone.
17:48 of 2nd period - Ryan Carter is hit by Matt Martin.
18:23 of 2nd period - Penalty to Peter Schaefer is over, Peter Schaefer is back on ice.
18:40 of 2nd period - Minor Penalty to Matt Irwin for Interference.
18:41 of 2nd period - Ryan Carter wins face-off versus Brian Gionta in Monarchs zone.
18:42 of 2nd period - Snap shot by Robbie Earl.
18:42 of 2nd period - Shot Misses the Net.
18:54 of 2nd period - Wrist shot by Martins Karsums.
18:54 of 2nd period - Shot Blocked by Peter Schaefer.
19:14 of 2nd period - Wrist shot by Ben Smith.
19:14 of 2nd period - Goal by Ben Smith - Influenza : 5 - Monarchs : 3.
19:15 of 2nd period - Jarret Stoll wins face-off versus Ryan Carter in neutral zone.
19:40 of 2nd period - Mathieu Carle is hit by Kyle Okposo and loses puck.
Goals for this period are 4 for Influenza vs 1 for Monarchs .
Shots for this period are 11 for Influenza vs 14 for Monarchs .
3rd period
0:01 of 3rd period - Ryan Carter wins face-off versus Jarret Stoll in neutral zone.
0:08 of 3rd period - Slapshot by Mathieu Carle.
0:08 of 3rd period - Shot Misses the Net.
0:12 of 3rd period - Slapshot by Martins Karsums.
0:12 of 3rd period - Shot Misses the Net.
2:22 of 3rd period - Wrist shot by Jaime Sifers.
2:22 of 3rd period - Stopped by Jonas Gustavsson with a rebound.
2:24 of 3rd period - Wrist shot by Adam Berti.
2:24 of 3rd period - Shot Misses the Net.
2:26 of 3rd period - Snap shot by Andreas Engqvist.
2:26 of 3rd period - Shot Blocked by Jake Muzzin.
2:36 of 3rd period - Wrist shot by Zac Dalpe.
2:36 of 3rd period - Stopped by Jonas Gustavsson without a rebound.
2:37 of 3rd period - Jarret Stoll wins face-off versus Zac Dalpe in Monarchs zone.
2:48 of 3rd period - Noah Welch is hit by Jarret Stoll and loses puck.
3:24 of 3rd period - Wrist shot by Ryan Carter.
3:24 of 3rd period - Stopped by Jonas Gustavsson with a rebound.
3:32 of 3rd period - Slapshot by Keith Ballard.
3:32 of 3rd period - Stopped by Alex Stalock without a rebound.
3:33 of 3rd period - Jarret Stoll wins face-off versus Cody McCormick in Influenza zone.
3:55 of 3rd period - Icing by Frederic St-Denis.
3:56 of 3rd period - Ryan Carter wins face-off versus Jordan Nolan in Monarchs zone.
4:09 of 3rd period - Wrist shot by Ryan Carter.
4:09 of 3rd period - Shot Misses the Net.
5:12 of 3rd period - Slapshot by Matt Irwin.
5:12 of 3rd period - Stopped by Alex Stalock with a rebound.
5:22 of 3rd period - James Van Riemsdyk is hit by Robbie Earl and loses puck.
5:45 of 3rd period - Carl Gunnarsson is hit by Shawn Belle.
6:36 of 3rd period - Brock Trotter is hit by Robbie Earl.
6:56 of 3rd period - Slapshot by Noah Welch.
6:56 of 3rd period - Shot Misses the Net.
6:58 of 3rd period - Slapshot by Mathieu Carle.
6:58 of 3rd period - Shot Misses the Net.
8:05 of 3rd period - Martins Karsums is hit by Jake Muzzin and loses puck.
8:10 of 3rd period - Wrist shot by James Van Riemsdyk.
8:10 of 3rd period - Shot Misses the Net.
8:12 of 3rd period - Backhand shot by James Van Riemsdyk.
8:12 of 3rd period - Stopped by Alex Stalock with a rebound.
8:14 of 3rd period - Slapshot by Shawn Belle.
8:14 of 3rd period - Stopped by Alex Stalock without a rebound.
8:15 of 3rd period - Brian Gionta wins face-off versus Cody McCormick in Influenza zone.
8:16 of 3rd period - Wrist shot by Jarret Stoll.
8:16 of 3rd period - Shot Misses the Net.
9:04 of 3rd period - Snap shot by Matt Irwin.
9:04 of 3rd period - Deflect By Brian Gionta.
9:04 of 3rd period - Shot Misses the Net.
9:04 of 3rd period - Puck is out of play.
9:05 of 3rd period - Jarret Stoll wins face-off versus Andreas Engqvist in Influenza zone.
9:20 of 3rd period - Slapshot by Brian Gionta.
9:20 of 3rd period - Shot Misses the Net.
9:31 of 3rd period - Icing by Corey Tropp.
9:32 of 3rd period - Dana Tyrell wins face-off versus Andreas Engqvist in Influenza zone.
10:45 of 3rd period - Wrist shot by Eric Wellwood.
10:45 of 3rd period - Stopped by Jonas Gustavsson with a rebound.
11:33 of 3rd period - Snap shot by Martins Karsums.
11:33 of 3rd period - Shot Misses the Net.
12:10 of 3rd period - Snap shot by David Clarkson.
12:10 of 3rd period - Shot Misses the Net.
12:26 of 3rd period - Jarret Stoll is hit by Andreas Engqvist and loses puck.
12:55 of 3rd period - Slapshot by Cody McCormick.
12:55 of 3rd period - Shot Blocked by David Clarkson.
13:05 of 3rd period - Wrist shot by Jordan Nolan.
13:05 of 3rd period - Stopped by Alex Stalock with a rebound.
13:07 of 3rd period - Slapshot by Jake Muzzin.
13:07 of 3rd period - Stopped by Alex Stalock without a rebound.
13:08 of 3rd period - Zac Dalpe wins face-off versus Jordan Nolan in Influenza zone.
13:08 of 3rd period - Zac Dalpe is hit by Kyle Okposo.
13:30 of 3rd period - Snap shot by Robbie Earl.
13:30 of 3rd period - Deflect By Martins Karsums.
13:30 of 3rd period - Shot Misses the Net.
13:30 of 3rd period - Puck is out of play.
13:31 of 3rd period - Jarret Stoll wins face-off versus Ryan Carter in Monarchs zone.
13:31 of 3rd period - Jarret Stoll is hit by Robbie Earl.
13:57 of 3rd period - Richard Park is hit by Jaime Sifers and loses puck.
14:04 of 3rd period - Ryan Russell is hit by Brock Trotter and loses puck.
14:48 of 3rd period - Minor Penalty to Andreas Engqvist for High sticking.
14:49 of 3rd period - Robbie Earl wins face-off versus Jarret Stoll in Influenza zone.
14:49 of 3rd period - Robbie Earl is hit by Peter Schaefer.
15:04 of 3rd period - Off-side.
15:05 of 3rd period - Robbie Earl wins face-off versus Jarret Stoll in neutral zone.
16:02 of 3rd period - Cody McCormick is hit by Brian Gionta and loses puck.
16:19 of 3rd period - Frederic St-Denis is hit by Cody McCormick and loses puck.
16:25 of 3rd period - Icing by James Van Riemsdyk.
16:26 of 3rd period - James Van Riemsdyk wins face-off versus Cody McCormick in Monarchs zone.
16:48 of 3rd period - Penalty to Andreas Engqvist is over, Andreas Engqvist is back on ice.
16:58 of 3rd period - Slapshot by Richard Park.
16:58 of 3rd period - Shot Blocked by Zac Dalpe.
17:00 of 3rd period - Slapshot by Dmitri Orlov.
17:00 of 3rd period - Shot Misses the Net.
18:08 of 3rd period - Snap shot by Brian Gionta.
18:08 of 3rd period - Shot Misses the Net.
18:10 of 3rd period - Snap shot by Brian Gionta.
18:10 of 3rd period - Stopped by Alex Stalock without a rebound.
18:11 of 3rd period - Jarret Stoll wins face-off versus Ryan Carter in Influenza zone.
18:40 of 3rd period - Carl Gunnarsson is hit by Dana Tyrell and loses puck.
19:21 of 3rd period - Oskars Bartulis is hit by Kyle Okposo and loses puck.
19:34 of 3rd period - Slapshot by Shawn Belle.
19:34 of 3rd period - Stopped by Alex Stalock with a rebound.
Goals for this period are 0 for Influenza vs 0 for Monarchs .
Shots for this period are 4 for Influenza vs 8 for Monarchs .
Output by the SimonT Hockey Simulator (STHS) for François Prévost -- Original Page W3C XHTML 1.0 Valid